 Dungeon Crawl Stone Soup version 0.30-b1-2-g02819fbbbe (webtiles) character file.

Game seed: 14302939992507877672

7 Flugkiller the Covered (level 1, 20/20 HPs)
             Began as a Minotaur Fighter on May 8, 2023.
             Quit the game on level 1 of the Dungeon.
             The game lasted 00:00:19 (202 turns).

Flugkiller the Covered (Minotaur Fighter)            Turns: 202, Time: 00:00:19

Health: 20/20      AC:  7    Str: 20    XL:     1   Next: 91%
Magic:  0/0        EV:  9    Int:  5    God:
Gold:   0          SH:  4    Dex:  9    Spells: 0/0 levels left

rFire   . . .        a - +0 war axe
rCold   . . .        c - +0 buckler
rNeg    . . .        b - +0 scale mail
rPois   .            (helmet restricted)
rElec   .            (no cloak)
rCorr   .            (no gloves)
SInv    .            (no boots)
Will    .....        (no amulet) Stlth
                     (no ring)
HPRegen 0.23/turn    (no ring)
MPRegen 0.07/turn

%: no passive effects
@: no status effects
A: horns 2, retaliatory headbutt
a: no special abilities


You were on level 1 of the Dungeon.
You visited 1 branch of the dungeon, and saw 1 of its levels.

Inventory:

Hand Weapons
 a - a +0 war axe (weapon)
Armour
 b - a +0 scale mail (worn)
 c - a +0 buckler (worn)
Potions
 d - a potion of might


   Skills:
 * Level 3.8 Fighting
 * Level 2.7 Axes
 * Level 3.8 Armour
 + Level 3.7 Shields


You couldn't memorise any spells.
You didn't know any spells.
Your spell library was empty.

Dungeon Overview and Level Annotations

Branches:
Dungeon (1/15)

Altars:


Innate Abilities, Weirdness & Mutations

You have a pair of horns on your head.
You reflexively headbutt those who attack you in melee.


Message History

You hit the bat.
The bat is moderately wounded.
The bat hits you but does no damage. x3; The bat misses you.
A bat is nearby!
A bat is nearby!
You miss the bat. Your headbutt misses the bat. The bat closely misses you.
The bat hits you.
You hit the bat.
You kill the bat!
You see here a bat corpse.
A quokka comes into view.
No reachable target in view!
A quokka is nearby!
A quokka is nearby!
No reachable target in view!
No reachable target in view!
No reachable target in view!
No reachable target in view!
No reachable target in view!
No reachable target in view!
A quokka is nearby!
You enter the shallow water.
Moving in this stuff is going to be slow.
Your unstable footing causes you to fumble your attack.
The quokka splashes around in the water.
The quokka bites the plant.
The plant begins to die.
No reachable target in view!
Your unstable footing causes you to fumble your attack.
The quokka bites the plant.
No reachable target in view!
You slash the plant! You headbutt the plant.
The plant is lightly damaged.
The quokka bites the plant. x2
No reachable target in view!
You slash the plant!
The plant is lightly damaged.
A nearby plant withers and dies.
You closely miss the quokka. You block the quokka's attack.
The quokka bites you but does no damage.
You hit the quokka.
The quokka is heavily wounded.
The quokka bites you but does no damage.
The quokka bites you.
You slash the quokka!
You kill the quokka!
No target in view!
No target in view!
No target in view!
Unknown command.
HP restored.
An endoplasm comes into view.
An endoplasm is nearby!
An endoplasm is nearby!
You see here an amulet of magic regeneration.
The endoplasm freezes you.
You are frozen.
You hit the endoplasm.
The endoplasm is severely wounded.
You hit the plant.
The plant begins to die.
The endoplasm freezes you.
You are frozen.
You completely miss the endoplasm. You headbutt the endoplasm.
The endoplasm is almost dead.
You hit the plant. You block the endoplasm's attack.
You hit the endoplasm.
You kill the endoplasm!
You hit the plant.
No target in view!
A nearby plant withers and dies.
You see here an amulet of magic regeneration.
Found a book of Decay.
You enter the shallow water.
Moving in this stuff is going to be slow.
You enter the shallow water.
Moving in this stuff is going to be slow.
Found a stone staircase leading down.
You see here a book of Decay.
A frilled lizard comes into view.
The frilled lizard hisses angrily.
Found 2 gold pieces.
The frilled lizard bites you but does no damage.
You hit the frilled lizard.
The frilled lizard is heavily wounded.
The frilled lizard closely misses you. The frilled lizard bites you.
You miss the frilled lizard.
Your headbutt misses the frilled lizard.
The frilled lizard is heavily wounded.
You block the frilled lizard's attack.
You barely miss the frilled lizard.
The frilled lizard is heavily wounded.
The frilled lizard bites you but does no damage.
You slash the frilled lizard!
You kill the frilled lizard!
No target in view!
No target in view!
No target in view!
No target in view!
No target in view!
No target in view!
Are you sure you want to abandon this character and quit the game? (Confirm with "yes".)

#########
##########.......#
#.....#...."####.#
#.###.#.♣~~.####.#
#.#.:..~~~♣~..##.#
##.#.#.♣P~~~~~♣##.#
#....P~~PP~~P~PP..#
#....~~~P~~~~P♣~...
#.@..♣♣~P~~~~~~♣P##
#.†.♣~~P~♣~~~~~~P..
#...♣~~~~~~P~~~~~##
..>.♣♣~~~≈≈~~~~~~##
.#...♣
~P~~≈≈~♣~~~~.
...#.♣♣
~≈≈≈≈≈≈≈~~♣P. ..
..$~ ~≈≈≈≈≈≈≈~P~.
.......~
~≈≈≈≈≈≈~~♣♣.
≈≈≈≈≈≈≈≈~♣♣#


There were no monsters in sight!

Vanquished Creatures
  A dart slug (D:1)
  An endoplasm (D:1)
  A quokka (D:1)
  A bat (D:1)
  2 frilled lizards (D:1)
6 creatures vanquished.

Vanquished Creatures (others)
  2 plants (D:1)
2 creatures vanquished.

Grand Total: 8 creatures vanquished

Notes
Turn   | Place    | Note
-------+----------+-------------------------------------------
     0 | D:1      | Flugkiller the Minotaur Fighter began the quest for the
                  | Orb.
     0 | D:1      | Reached XP level 1. HP: 19/19 MP: 0/0
   202 | D:1      | Quit the game

Illustrated notes

Levels and vault maps discovered:
D:1:      elethiomel_arrival_infinity_welcomes_careful_drivers,
          layout_loops_cross, serial_bayou, serial_bayou_pond_a,
          serial_bayou_ford_a, serial_bayou_pond_e, serial_bayou_lake_a,
          minmay_pentomino_z4

Action                     || total
---------------------------++-------
  Melee: War axe           ||    20
         Headbutt          ||     2
 Armour: Scale mail        ||    10
  Dodge: Dodged            ||     3
  Block: Buckler           ||     5
